Workbook
Name _edn1: 'ЗАЯВКА'!$A$512
Name _edn2: 'ЗАЯВКА'!$A$514
Name _edn3: 'ЗАЯВКА'!$A$516
Name _edn4: 'ЗАЯВКА'!$A$518
Name _edn5: 'ЗАЯВКА'!$A$522
Name _edn6: 'ЗАЯВКА'!$A$525
Name _edn7: 'ЗАЯВКА'!$A$527
Name _edn8: 'ЗАЯВКА'!$A$529
Name _edn9: 'ЗАЯВКА'!$A$531
Name _ednref1: 'ЗАЯВКА'!$B$251
Name _ednref2: 'ЗАЯВКА'!$B$339
Name _ednref3: 'ЗАЯВКА'!$B$344
Name _ednref4: 'ЗАЯВКА'!$B$361
Name _ednref5: 'ЗАЯВКА'!$B$363
Name _ednref6: 'ЗАЯВКА'!$B$368
Name _ednref7: 'ЗАЯВКА'!$B$410
Name _ednref8: 'ЗАЯВКА'!$B$445
Name _ednref9: 'ЗАЯВКА'!$B$472

Sheet ЗАЯВКА
A1: Приложение № 1 к приказу Минэкономразвития России от 26.06.2025 № 424
E2: форма
A3: КОНКУРСНАЯ ЗАЯВКА МУНИЦИПАЛЬНОГО ОБРАЗОВАНИЯ, представляемая для участия во Всероссийском конкурсе «Лучшая муниципальная практика» по номинации «Повышение эффективности управления территорией муниципального образования»
A5: (наименование муниципального образования)
A7: (субъект Российской Федерации)
A9: (наименование номинации)
A11: Прошу организовать рассмотрение настоящей конкурсной заявки, муниципального образования, представляемой для участия во Всероссийском конкурсе «Лучшая муниципальная практика» по номинации «Повышение эффективности управления территорией муниципального образования» (далее – конкурсная заявка и конкурс соответственно). С условиями и требованиями конкурсного отбора ознакомлен и согласен. По вопросам участия прошу взаимодействовать с
A13: (фамилия, имя и отчество (при наличии), должность контактного лица, его номер телефона и адрес электронной почты (при наличии))
A14: Описание практики муниципального образования (далее - описание практики)
A15: № п/п | B15: Признаки элемента практики | C15: Содержание
A16: 1 | B16: Наименование практики, направленной на повышение эффективности управления территорией муниципального образования
C17: (присваивается муниципальным образованием самостоятельно с кратким отражением реализуемой практики)
A18: 2 | B18: Направления практики
C19: (осуществляется выбор не менее двух следующих направлений практики: "Инвестиции", "Управление имуществом и инфраструктурой", "Новые источники доходов бюджета и управление муниципальными заимствованиями")
A20: 3 | B20: Описание механизмов, составляющих управленческую практику
C21: (краткое описание механизмов, применяемых при реализации практики)
A22: 4 | B22: Результаты реализации описываемых практик, которые подтверждаются соответствующими значениями показателей
C23: (краткое описание достигнутых результатов при реализации практики, включая цифровые значения)
A24: 5 | B24: Презентационные материалы (не более 7 слайдов) | C24: Прикладываются в качестве приложения к настоящей конкурсной заявке.
A25: Показатели, характеризующие деятельность муниципального образования
A26: № п/п | B26: Наименование показателя | C26: Исходные данные | E26: Значение показателя
A27: Раздел 1. Показатели, характеризующие социально-экономическую ситуацию в муниципальном образовании
A28: 1.1 | B28: Средний темп роста численности постоянного населения муниципального образования за три последних отчетных года (Источник: Росстат), рассчитываемый по формуле: где: U11i – значение соответствующего показателя в i-м муниципальном образовании; Ain; Ain-1; Ain-2; Ain-3 – численность постоянного населения i-ого муниципального образования, соответственно, в ______ г., ______ г., ______ г. и ______ г. | E28: =GEOMEAN((D29/D30),(D30/D31),(D31/D32)) -> #VALUE!
C29: Ain =
C30: Ain-1 =
C31: Ain-2 =
C32: Ain-3 =
A33: 1.2 | B33: Средний темп роста объема инвестиций в основной капитал (за исключением бюджетных средств) на территории муниципального образования в расчете на 1 жителя за три последних отчетных финансовых года (Источник: Росстат), рассчитываемый по формуле: где: U12i – значение соответствующего показателя в i-м муниципальном образовании; Ain; Ain-1; Ain-2; Ain-3 – объем инвестиций в основной капитал (за исключением бюджетных средств) на территории i-ого муниципального образования, соответственно, в ______ г., ______ г., ______ г. и ______ г.; Bin; Bin-1; Bin-2; Bin-3 – численность постоянного населения i-ого муниципального образования, соответственно, в ______ г., ______ г., ______ г. и ______ г. | E33: =GEOMEAN(((D34/D38)/(D35/D39)),((D35/D39)/(D36/D40)),((D36/D40)/(D37/D41))) -> #VALUE!
C34: Ain =
C35: Ain-1 =
C36: Ain-2 =
C37: Ain-3 =
C38: Bin =
C39: Bin-1 =
C40: Bin-2 =
C41: Bin-3 =
A42: 1.3 | B42: Средний темп роста оборота розничной торговли на территории муниципального образования за три последних отчетных финансовых года (Источник: Росстат), рассчитываемый по формуле: где: U13i – значение соответствующего показателя в i-м муниципальном образовании; Ain; Ain-1; Ain-2; Ain-3 – оборот розничной торговли на территории i-ого муниципального образования, соответственно, в ______ г., ______ г., ______ г. и ______ г. | E42: =GEOMEAN((D43/D44),(D44/D45),(D45/D46)) -> #VALUE!
C43: Ain =
C44: Ain-1 =
C45: Ain-2 =
C46: Ain-3 =
A47: 1.4 | B47: Средний темп роста среднемесячной заработной платы работников организаций на территории муниципального образования за три последних отчетных финансовых года, скорректированный на стоимость жизни (Источник: Росстат), рассчитываемый по формуле: где: U14i – значение соответствующего показателя в i-м муниципальном образовании; Ain; Ain-1; Ain-2; Ain-3 – среднемесячная заработная плата работников организаций на территории i-ого муниципального образования, соответственно, в ______ г., ______ г., ______ г. и ______ г.; Bin; Bin-1; Bin-2; Bin-3 – прожиточный минимум в субъекте Российской Федерации, соответственно, в _____ г., _____ г., _____ г. и _____ г. | E47: =GEOMEAN(((D48/D52)/(D49/D53)),((D49/D53)/(D50/D54)),((D50/D54)/(D51/D55))) -> #VALUE!
C48: Ain =
C49: Ain-1 =
C50: Ain-2 =
C51: Ain-3 =
C52: Bin =
C53: Bin-1 =
C54: Bin-2 =
C55: Bin-3 =
A56: 1.5 | B56: Средний темп роста налоговой базы по налогу на доходы физических лиц на территории муниципального образования за три последних отчетных финансовых года (Источник: ФНС), рассчитываемый по формуле: где: U15i – значение соответствующего показателя в i-м муниципальном образовании; Ain; Ain-1; Ain-2; Ain-3 – налоговая база по налогу на доходы физических лиц, подлежащая налогообложению по всем налоговым ставкам на территории i-ого муниципального образования, соответственно, в _____ г., _____ г., _____ г. и _____ г. | E56: =GEOMEAN((D57/D58),(D58/D59),(D59/D60)) -> #VALUE!
C57: Ain =
C58: Ain-1 =
C59: Ain-2 =
C60: Ain-3 =
A61: 1.6 | B61: Отношение числа граждан, занятых в экономике муниципального образования, к численности населения муниципального образования в трудоспособном возрасте за отчетный финансовый год (мужчины 16 - 65 лет, женщины 16 – 60 лет, (Источник: Росстат), рассчитываемое по формуле: где: U16i – значение соответствующего показателя в i-м муниципальном образовании; Ai – число граждан, занятых в экономике муниципального образования; Bi – численность населения муниципального образования в трудоспособном возрасте (мужчины 16 - 65 лет, женщины 16 - 60 лет). | E61: =D62/D63 -> #DIV/0!
C62: Ai =
C63: Bi =
A64: 1.7 | B64: Рост среднегодовой численности занятых в экономике за отчетный год по сравнению с уровнем года, предшествующего отчетному (источник: Росстат), рассчитываемый по формуле: где: U17i – значение соответствующего показателя в i-м муниципальном образовании; Ai – среднегодовая численности занятых в экономике за отчетный год; Bi – среднегодовая численности занятых в экономике за предыдущий год. | E64: =D65/D66 -> #DIV/0!
C65: Ai =
C66: Bi =
A67: 1.8 | B67: Коэффициент напряженности на рынке труда на 1 января года подачи конкурсной заявки (источник: Росстат), рассчитываемый по формуле: где: U18i – значение соответствующего показателя в i-м муниципальном образовании; Ai – число незанятых граждан, зарегистрированных в службах занятости; Bi – вакантные рабочие места. | E67: =D68/D69 -> #DIV/0!
C68: Ai =
C69: Bi =
A70: Раздел 2. Показатели, характеризующие управление муниципальными финансами
A71: 2.1 | B71: Средний темп роста налоговых доходов бюджета муниципального образования за три последних отчетных финансовых года, рассчитываемый по формуле: где: U21i – значение соответствующего показателя в i-м муниципальном образовании; Ain; Ain-1; Ain-2; Ain-3 – объем налоговых доходов бюджета i-го муниципального образования, поступивших по единым нормативам отчислений, установленным Бюджетным кодексом Российской Федерации, соответственно, в _____ г., _____ г., _____ г. и _____ г. | E71: =GEOMEAN((D72/D73),(D73/D74),(D74/D75)) -> #VALUE!
C72: Ain =
C73: Ain-1 =
C74: Ain-2 =
C75: Ain-3 =
A76: 2.2 | B76: Доля налоговых и неналоговых доходов бюджета муниципального образования (за исключением поступлений налоговых доходов по дополнительным нормативам отчислений) к общему объему собственных доходов бюджета муниципального образования в отчетном финансовом году, рассчитываемая по формуле: где: U22i – значение соответствующего показателя в i-м муниципальном образовании; Ai – объем налоговых и неналоговых доходов местного бюджета (за исключением поступлений налоговых доходов по дополнительным нормативам отчислений) в отчетном финансовом году; Bi – общий объем собственных доходов местного бюджета в отчетном финансовом году. | E76: =D77/D78 -> #DIV/0!
C77: Ai =
C78: Bi =
A79: 2.3 | B79: Отношение объема просроченной кредиторской задолженности бюджета муниципального образования и муниципальных казенных учреждений к объему расходов бюджета муниципального образования, рассчитываемое по формуле: где: U23i – значение соответствующего показателя в i-м муниципальном образовании; Ai – объем просроченной кредиторской задолженности местного бюджета и муниципальных казенных учреждений i-го муниципального образования на 1 января текущего финансового года; Bi – объем расходов бюджета i-го муниципального образования в отчетном финансовом году. | E79: =D80/D81 -> #DIV/0!
C80: Ai =
C81: Bi =
A82: 2.4 | B82: Отношение объема субсидий, предоставляемых из бюджета муниципального образования социально ориентированным некоммерческим организациям, к общему объему расходов бюджета муниципального образования, рассчитываемое по формуле: где: U24i – значение соответствующего показателя в i-м муниципальном образовании; Ai – объем субсидий, предоставленных из бюджета i-го муниципального образования социально ориентированным некоммерческим организациям, не являющимся муниципальными учреждениями, на реализацию муниципальных услуг в отчетном финансовом году; Bi – объем расходов местного бюджета i-го муниципального образования в отчетном финансовом году. | E82: =D83/D84 -> #DIV/0!
C83: Ai =
C84: Bi =
A85: 2.5 | B85: Отношение объема расходных обязательств муниципального образования, не связанных с решением вопросов местного значения и исполнением полномочий по указанным вопросам, к объему расходных обязательств по вопросам местного значения (согласно информации из реестра расходных обязательств муниципального образования, предусмотренного статьей 87 Бюджетного кодекса Российской Федерации), рассчитываемое по формуле: где: U25i – значение соответствующего показателя в i-м муниципальном образовании; Ai – объем расходных обязательств муниципального образования, связанных с решением вопросов местного значения и полномочий i-го муниципального образования в отчетном финансовом году; Bi – объем расходных обязательств и полномочий, не связанных с решением вопросов местного значения i-го муниципального образования в отчетном финансовом году (без учета объема расходных обязательств, осуществляемых за счет субвенций). | E85: =(D86-D87)/D86 -> #DIV/0!
C86: Ai =
C87: Bi =
A88: 2.6 | B88: Отношение недополученных доходов по местным налогам в результате действия налоговых льгот, установленных представительным органом местного самоуправления муниципального образования в соответствии с Налоговым кодексом Российской Федерации, к общему объему поступлений по местным налогам, рассчитываемое по формуле: где: U26i – значение соответствующего показателя в i-м муниципальном образовании; Ai – объем недополученных доходов по местным налогам в результате действия налоговых льгот, установленных представительными органами местного самоуправления i-го муниципального образования в отчетном финансовом году; Bi – общий объем доходов от поступлений по местным налогам в i-м муниципальном образовании в отчетном финансовом году. | E88: =D89/D90 -> #DIV/0!
C89: Ai =
C90: Bi =
A91: 2.7 | B91: Исполнение бюджета муниципального образования по расходам относительно первоначально утвержденного бюджета (за исключением расходов за счет межбюджетных трансфертов), рассчитываемое по формуле: где: U27i – значение соответствующего показателя в i-м муниципальном образовании; Ai – фактический объем расходов бюджета i-го муниципального образования (за исключением расходов за счет межбюджетных трансфертов) в отчетном финансовом году; Bi – первоначально утвержденный решением о бюджете i-го муниципального образования объем расходов местного бюджета (за исключением расходов за счет межбюджетных трансфертов) за отчетный финансовый год. | E91: =ABS(D92-D93)/D93 -> #DIV/0!
C92: Ai =
C93: Bi =
A94: 2.8 | B94: Доля сотрудников, имеющих высшее образование, в фактической штатной численности финансового органа муниципального образования, рассчитываемая по формуле: где: U28i – значение соответствующего показателя в i-м муниципальном образовании; Ai – численность в отчетном финансовом году сотрудников, имеющих высшее образование, финансового органа i-го муниципального образования; Bi – штатная численность финансового органа i-го муниципального образования на 1 января текущего года. | E94: =D95/D96 -> #DIV/0!
C95: Ai =
C96: Bi =
A97: 2.9 | B97: Доля сотрудников, имеющих ученую степень, в штатной численности финансового органа муниципального образования, рассчитываемая по формуле: где: U29i – значение соответствующего показателя в i-м муниципальном образовании; Ai – численность в отчетном финансовом году сотрудников, имеющих ученую степень, финансового органа i-го муниципального образования; Bi – фактическая на 1 января текущего года штатная численность финансового органа i-го муниципального образования. | E97: =D98/D99 -> #DIV/0!
C98: Ai =
C99: Bi =
A100: 2.10 | B100: Доля сотрудников, работающих в финансовом органе муниципального образования более 3 лет, рассчитываемая по формуле: где: U210i – значение соответствующего показателя в i-м муниципальном образовании; Ai – количество сотрудников финансового органа, работающих в финансовом органе более 3 лет, на 1 января текущего года; Bi – фактическая штатная численность финансового органа i-го муниципального образования. | E100: =D101/D102 -> #DIV/0!
C101: Ai =
C102: Bi =
A103: Раздел 3. Показатели, характеризующие выбранное направление практики
A104: Подраздел 3.1. Показатели, характеризующие направление практики «Инвестиции» (раздел заполняется при выборе направления практики «Инвестиции» описанного в пункте 2 описания практики )
A105: 3.1.1 | B105: Средний темп роста числа субъектов малого и среднего предпринимательства за три последних отчетных финансовых года (Источник: ФНС), рассчитываемый по формуле: где: U311i – значение соответствующего показателя в i-м муниципальном образовании; Ain; Ain-1; Ain-2; Ain-3 – число субъектов МСП на территории i-го муниципального образования, соответственно, в ______ г., ______ г., ______ г. и ______ г. | E105: =GEOMEAN((D106/D107),(D107/D108),(D108/D109)) -> #VALUE!
...

Sheet ДЛЯ РАСЧЕТОВ
A1: Субъект Российской Федерации | B1: Муниципальное образование | C1: п. 1.1 | D1: п. 1.2 | E1: п. 1.3 | F1: п. 1.4 | G1: п. 1.5 | H1: п. 1.6 | I1: п. 1.7 | J1: п. 1.8 | K1: п. 2.1 | L1: п. 2.2 | M1: п. 2.3 | N1: п. 2.4 | O1: п. 2.5 | P1: п. 2.6 | Q1: п. 2.7 | R1: п. 2.8 | S1: п. 2.9 | T1: п. 2.10 | U1: п. 3.1.1 | V1: п. 3.1.2 | W1: п. 3.1.3 | X1: п. 3.1.4 | Y1: п. 3.1.5 | Z1: п. 3.1.6 | AA1: п. 3.1.7 | AB1: п. 3.2.1 | AC1: п. 3.2.2 | AD1: п. 3.2.3 | AE1: п. 3.2.4 | AF1: п. 3.2.5 | AG1: п. 3.2.6 | AH1: п. 3.2.7 | AI1: п. 3.2.8 | AJ1: п. 3.2.9 | AK1: п. 3.2.10 | AL1: п. 3.2.11 | AM1: п. 3.2.12 | AN1: п. 3.3.1 | AO1: п. 3.3.2 | AP1: п. 3.3.3 | AQ1: п. 3.3.4 | AR1: п. 3.3.5 | AS1: п. 3.3.6 | AT1: п. 3.3.7 | AU1: п. 3.3.8 | AV1: п. 3.3.9 | AW1: п. 3.3.10 | AX1: п. 3.3.11 | AY1: п. 3.3.12 | AZ1: п. 3.3.13 | BA1: п. 3.3.14
A2: =ЗАЯВКА!A6 -> 0 | B2: =ЗАЯВКА!A4 -> 0 | C2: ='ЗАЯВКА'!E28 -> #VALUE! | D2: ='ЗАЯВКА'!E33 -> #VALUE! | E2: ='ЗАЯВКА'!E42 -> #VALUE! | F2: ='ЗАЯВКА'!E47 -> #VALUE! | G2: ='ЗАЯВКА'!E56 -> #VALUE! | H2: ='ЗАЯВКА'!E61 -> #DIV/0! | I2: ='ЗАЯВКА'!E64 -> #DIV/0! | J2: ='ЗАЯВКА'!E67 -> #DIV/0! | K2: ='ЗАЯВКА'!E71 -> #VALUE! | L2: ='ЗАЯВКА'!E76 -> #DIV/0! | M2: ='ЗАЯВКА'!E79 -> #DIV/0! | N2: ='ЗАЯВКА'!E82 -> #DIV/0! | O2: ='ЗАЯВКА'!E85 -> #DIV/0! | P2: ='ЗАЯВКА'!E88 -> #DIV/0! | Q2: ='ЗАЯВКА'!E91 -> #DIV/0! | R2: ='ЗАЯВКА'!E94 -> #DIV/0! | S2: ='ЗАЯВКА'!E97 -> #DIV/0! | T2: ='ЗАЯВКА'!E100 -> #DIV/0! | U2: ='ЗАЯВКА'!E105 -> #VALUE! | V2: ='ЗАЯВКА'!E110 -> #VALUE! | W2: ='ЗАЯВКА'!E115 -> #DIV/0! | X2: ='ЗАЯВКА'!E118 -> #VALUE! | Y2: ='ЗАЯВКА'!E123 -> #VALUE! | Z2: ='ЗАЯВКА'!E128 -> 0 | AA2: ='ЗАЯВКА'!E139 -> 0 | AB2: =IF('ЗАЯВКА'!E146="да",1,0) -> 0 | AC2: ='ЗАЯВКА'!E149 -> #VALUE! | AD2: ='ЗАЯВКА'!E154 -> #DIV/0! | AE2: ='ЗАЯВКА'!E157 -> #VALUE! | AF2: ='ЗАЯВКА'!E162 -> #DIV/0! | AG2: ='ЗАЯВКА'!E165 -> #VALUE! | AH2: ='ЗАЯВКА'!E170 -> 0 | AI2: ='ЗАЯВКА'!E173 -> #DIV/0! | AJ2: ='ЗАЯВКА'!E176 -> #DIV/0! | AK2: =IF('ЗАЯВКА'!E179="да",1,0) -> 0 | AL2: =IF('ЗАЯВКА'!E180="да",1,0) -> 0 | AM2: =IF('ЗАЯВКА'!E181="да",1,0) -> 0 | AN2: ='ЗАЯВКА'!E183 -> #DIV/0! | AO2: ='ЗАЯВКА'!E186 -> #DIV/0! | AP2: =IF('ЗАЯВКА'!D189="нет",1,0) -> 0 | AQ2: ='ЗАЯВКА'!E190 -> #VALUE! | AR2: ='ЗАЯВКА'!E195 -> #DIV/0! | AS2: ='ЗАЯВКА'!E198 -> #DIV/0! | AT2: ='ЗАЯВКА'!E201 -> #DIV/0! | AU2: =IF('ЗАЯВКА'!E205="да",1,0) -> 0 | AV2: ='ЗАЯВКА'!E206 -> #DIV/0! | AW2: ='ЗАЯВКА'!E210 -> #DIV/0! | AX2: ='ЗАЯВКА'!E213 -> #DIV/0! | AY2: ='ЗАЯВКА'!E216 -> #DIV/0! | AZ2: ='ЗАЯВКА'!E219 -> #DIV/0! | BA2: ='ЗАЯВКА'!E222 -> #DIV/0!
A4: *Данные заявки переносятся в таблицу для рейтингования по разделам (блоки разделов отделены друг от друга толстой границей)
